 Dungeon Crawl Stone Soup version 0.27.0-1-g7a089689b8 (webtiles) character file.

Game seed: 6901975959466603382

27 Gunterle the Sneak (level 2, -1/23 HPs)
             Began as a Vampire Delver on Aug 10, 2021.
             Slain by an orc warrior (16 damage)
             ... on level 3 of the Dungeon.
             The game lasted 00:08:39 (1687 turns).

Gunterle the Sneak (Vampire Delver)                 Turns: 1687, Time: 00:08:40

Health: -1/23      AC:  4    Str: 11    XL:     2   Next: 93%
Magic:  2/2        EV: 12    Int: 12    God:
Gold:   41         SH:  0    Dex: 15    Spells: 1/1 levels left

rFire    . . .     SeeInvis +   e - +0 dagger
rCold    . . .     Faith    .   (no shield)
rNeg     . . .     Spirit   .   b - +0 leather armour
rPois    .         Reflect  .   (no helmet)
rElec    .         Harm     .   (no cloak)
rCorr    .         Rampage  .   (no gloves)
Will     .....                  j - +0 pair of boots
Stlth    +++.......             (no amulet)
HPRegen  0.27/turn              (no ring)
MPRegen  0.08/turn              (no ring)

@: healing quickly, hasted, very quick
A: alive, fangs 3, see invisible, vampiric 1
a: Exsanguinate


You were on level 3 of the Dungeon.
You visited 1 branch of the dungeon, and saw 4 of its levels.

You collected 41 gold pieces.

Inventory:

Hand Weapons
 a - a +0 short sword
 e - a +0 dagger (weapon)
Missiles
 d - 36 sling bullets
 i - 55 arrows
 k - 72 stones
 l - 4 silver javelins
 m - 9 poisoned darts (quivered)
Armour
 b - a +0 leather armour (worn)
 j - a +0 pair of boots (worn)
Wands
 g - a wand of digging (3)
Scrolls
 c - 4 scrolls of fog
 h - 2 scrolls of identify {unknown}


   Skills:
 + Level 2.9 Fighting
 * Level 3.0 Short Blades
 + Level 2.6 Dodging
 + Level 7.5 Stealth


You had one spell level left.
You didn't know any spells.
Your spell library was empty.

Dungeon Overview and Level Annotations

Branches:
Dungeon (5/15)
 Temple: D:4-7

Altars:
Hepliaklqana
Ru
Trog
Uskayaw
Zin

Shops:
D:4 :

Annotations:
D:5 exclusion: jelly


Innate Abilities, Weirdness & Mutations

Your natural rate of healing is accelerated.
You have razor-sharp teeth.
You have supernaturally acute eyesight. (SInv)
You are afflicted with vampirism.


Message History

The ball python misses you. The ball python barely misses you.
You hit the ball python.
You kill the ball python!
No target in view!
No target in view!
You climb downwards.
A ball python comes into view.
The ball python moves out of view.
There is a stone staircase leading up here.
k - 72 stones (gained 12)
Found a glowing scarf.
Found a scroll labelled NIKIHI TOSIATU.
An orc warrior comes into view. It is wielding a +8 flail.
The orc warrior shouts!
You hear an angry hiss.
Found a hazy altar of Hepliaklqana.
You see here a scroll labelled NIKIHI TOSIATU.
Found a faded altar of an unknown god.
Found a scroll of magic mapping.
The ball python barely misses you. x2
You see here 23 sling bullets.
The ball python bites you but does no damage.
The ball python grabs you. The ball python constricts you.
You escape the ball python's grasp.
There is a stone staircase leading up here.
The ball python barely misses you. The ball python grabs you.
You stop ascending the stairs.
The ball python constricts you.
You hit the ball python.
You kill the ball python!
Your Short Blades skill increases to level 3!
Unknown command.
The orc warrior hits you with a +8 flail!
You climb upwards.
There is a stone staircase leading down here.
Unknown command.
Found a stone staircase leading up.
Found a leather armour.
You feel yourself speed up.
The orc warrior hits you with a +8 flail!
Ouch! That really hurt!
You die...

##### #########...#
..........#.###
[....##..<#.>.#####
#......#####...<.#
#.#.##.o.#...###.#
#.####@#.### #.# #.#
#...# #.# #.# ##.## #.#
#.# #.# #.# #.# #.# #.#
#.# ##.# #.# #.# #..#
#.########
#.####.#######.........
#.............########.


You could see an orc warrior.

Vanquished Creatures
  A worm (D:3)
  An orc (D:3)
  4 endoplasms
  A giant cockroach (D:4)
  2 hobgoblins
  2 kobolds
  2 quokkas (D:3)
  3 ball pythons
  3 bats
  2 rats (D:3)
21 creatures vanquished.

Notes
Turn   | Place    | Note
-------+----------+-------------------------------------------
     0 | D:5      | Gunterle the Vampire Delver began the quest for the Orb.
     0 | D:5      | Reached XP level 1. HP: 17/17 MP: 1/1
    36 | D:5      | Noticed a jelly
   314 | D:5      | Noticed a howler monkey
   314 | D:5      | Noticed a jelly
   315 | D:5      | Noticed a scorpion
   939 | D:4      | Reached XP level 2. HP: 21/23 MP: 2/2
   961 | D:4      | Found Taduc's Book Boutique.
   970 | D:4      | Found a bloodstained altar of Trog.
   970 | D:4      | Noticed an ogre
  1109 | D:3      | Found a hide-covered altar of Uskayaw.
  1109 | D:3      | Found a sacrificial altar of Ru.
  1657 | D:4      | Found a hazy altar of Hepliaklqana.
  1657 | D:4      | Noticed an orc warrior
  1659 | D:4      | Found a faded altar of an unknown god.
  1687 | D:3      | Slain by an orc warrior

Illustrated notes

Levels and vault maps discovered:
D:2:      layout_loops_ring, hellmonk_ecumenical_altar_leap_of_faith,
          minmay_quadrilaterals
D:3:      layout_loops_ring, gammafunk_temple_overflow_forgotten
D:4:      layout_basic, beargit_hepliaklqana_dungeon_heroes,
          mainiacjoe_overflow_24_doors, lemuel_tele_altar, serial_shops, shop,
          minmay_starry_boxes
D:5:      layout_basic, grunt_tough_drop

Skill      XL: |  1  2 |
---------------+-------+-----
Short Blades   | 3 |  3.0
Fighting       | |  2.9
Dodging        | |  2.6
Stealth        | |  7.5

Action                   || total
-------------------------++-------
Melee: Short sword       ||    15
       Dagger            ||    36
       Bite              ||     4
Throw: Stone             ||     3
  Use: Scroll            ||     2
       Potion            ||     1
 Stab: Sleeping          ||     6
       Distracted        ||     1
Armor: Leather armour    ||    12
Dodge: Dodged            ||    32
